[Event "Early-Titled-Tuesday-Blitz-May-07-2024"]
[Site "Chess.com"]
[Date "2024.05.07"]
[Round "4"]
[White "HouseOfDurin"]
[Black "JosefineHeinemann"]
[Result "0-1"]
[WhiteElo "2217"]
[BlackElo "2542"]
[TimeControl "180+1"]
[EndTime "8:42:50 PDT"]
[Termination "JosefineHeinemann won by resignation"]

1. d4 Nf6 2. Bg5 d5 3. Bxf6 gxf6 4. c4 dxc4 5. Nc3 e6 6. e3 c5 7. Bxc4 cxd4 8. Qxd4 Qxd4 9. exd4 a6 10. a4 Be7 11. O-O-O Nc6 12. d5 Na5 13. Ba2 Bb4 14.
Nge2 e5 15. d6 Be6 16. Nd5 Bxd5 17. Bxd5 Rd8 18. f4 Rxd6 19. fxe5 fxe5 20. Rhf1 O-O 21. Nc3 Bxc3 22. bxc3 Kg7 23. Bf3 Rfd8 24. Rxd6 Rxd6 25. Kc2 Nc4 26. Rf2 b6 27. Be4 a5 28. h4 h6 29.
g4 Ne3+ 30. Kb3 Nxg4 31. Rg2 h5 32. Bf5 Rh6 33. Bxg4 hxg4 34. Rxg4+ Kf6 35. Rc4 Kf5 36. Rc7 Rf6 37. Re7 e4 38. Kc4 Kf4 39. Kd4 Rd6+ 40. Kc4 f5 41. h5 Kf3 42. Kb5 e3 43. c4 e2 44. c5 bxc5 45. Kxc5 Rh6 46. Kb5 f4 47. Kxa5 Rxh5+ 48. Kb6 Kf2 49. a5 Rxa5 50. Kxa5 e1=Q+ 51. Rxe1 Kxe1 52. Kb4 f3 0-1

[Event "Early-Titled-Tuesday-Blitz-May-07-2024"]
[Site "Chess.com"]
[Date "2024.05.07"]
[Round "4"]
[White "Crasmus"]
[Black "mortngabriel"]
[Result "1-0"]
[WhiteElo "2356"]
[BlackElo "2497"]
[TimeControl "180+1"]
[EndTime "8:42:50 PDT"]
[Termination "Crasmus won on time"]

1. c4 e5 2. g3 c6 3. d4 e4 4.
d5 Bb4+ 5. Bd2 Qe7 6. a3 Bxd2+ 7.
Qxd2 cxd5 8. cxd5 d6 9. Nc3 Nf6 10. Bg2 O-O 11. Nh3 Re8 12. e3 Nbd7 13. O-O Nc5 14. Qc2 Bf5 15. Nf4 Rac8 16. Rfd1 Ng4 17. h3 Ne5 18. g4 Bg6 19. Nxg6 Nxg6 20. b4 Na4 21. Qxa4 Rxc3 22. Qxa7 Rc2 23. Rac1 Ra2 24. Rc4 Qf6 25. Rf1 Nh4 26. Rxe4 Rf8 27. Rf4 Qb2 28. Qxb7 Rxa3 29. Qc6 g5 30. Rd4 Ra1 31. Qxd6 Rxf1+ 32. Bxf1 Nf3+ 33. Kg2 Nxd4 34. exd4 Qxd4 35. Qc5 Qe4+ 36. Kg1 Re8 37. d6 Qb1 38. Qxg5+ Kh8 39. Qf6+ Kg8 40. Qg5+ Kh8 41. d7 Rg8 42. Qf6+ 1-0

[Event "Early-Titled-Tuesday-Blitz-May-07-2024"]
[Site "Chess.com"]
[Date "2024.05.07"]
[Round "4"]
[White "GMT4114"]
[Black "Sofia_Blokhin"]
[Result "0-1"]
[WhiteElo "1972"]
[BlackElo "2272"]
[TimeControl "180+1"]
[EndTime "8:42:50 PDT"]
[Termination "Sofia_Blokhin won on time"]

1. e4 c5 2. Nc3 e6 3. Nge2 a6 4. g3 Nc6 5. Bg2 g6 6. O-O Bg7 7. f4 Nge7 8. e5 O-O 9. Ne4 b6 10. g4 f6 11. exf6 Bxf6 12. Nxf6+ Rxf6 13. b3 d5 14. Bb2 d4 15. c3 d3 16. Ng3 Rf8 17.
c4 Ra7 18. Ne4 Nd4 19. Kh1 Bb7 20. Qe1 Nc2 21. Qh4 Nd4 22. g5 Nef5 23. Qh3 Qa8 24. Rae1 Ne2 25. Nf6+ Rxf6 26. Bxf6 Nh4 27. Rf2 Bxg2+ 28.
Rxg2 Qxg2+ 29. Qxg2 Nxg2 30. Kxg2 Nxf4+ 31. Kf3 Nh5 32.
Rxe6 Nxf6 33. Rxf6 Re7 34. Rd6 Re2 35. Rxd3 Rxh2 36.
Kg3 Rh5 37. Kf4 Rh1 38. Rd6 Ra1 0-1

[Event "Early-Titled-Tuesday-Blitz-May-07-2024"]
[Site "Chess.com"]
[Date "2024.05.07"]
[Round "4"]
[White "karinachess1"]
[Black "tptagain"]
[Result "0-1"]
[WhiteElo "2611"]
[BlackElo "2926"]
[TimeControl "180+1"]
[EndTime "8:42:52 PDT"]
[Termination "tptagain won on time"]

1. d4 d5 2. c4 e6 3. Nc3 Bb4 4. a3 Bxc3+ 5. bxc3 Nf6 6. f3 O-O 7. cxd5 exd5 8. e3 Bf5 9. Ne2 c5 10. Ng3 Bg6 11. h4 Qc7 12. Kf2 h5 13. Bd3 Nc6 14.
Ra2 Rae8 15. Re2 c4 16. Bf5 b5 17. Rf1 a5 18. Qe1 Ne7 19. Bc2 Bxc2 20. Rxc2 Ng6 21.
Rh1 Re6 22. Re2 Rfe8 23. Kg1 Qb8 24. e4 dxe4 25. fxe4 Nf4 26. Bxf4 Qxf4 27. e5 Nd5 28. Re4 Qh6 29. Nf1 f6 30. Rh3 Nf4 31. Rg3 fxe5 32.
dxe5 Nd3 33. Qe3 Qxe3+ 34. Nxe3 Rxe5 35. Rxe5 Rxe5 36. Kh2 Kh7 37. Nc2 Nc5 38. Nd4 Na4 39.
Rf3 Rd5 40. Kg3 b4 41. axb4 axb4 42. Nc2 b3 43. Na3 Rd3 44. Nxc4 Rxf3+ 45. Kxf3 b2 0-1

[Event "Early-Titled-Tuesday-Blitz-May-07-2024"]
[Site "Chess.com"]
[Date "2024.05.07"]
[Round "4"]
[White "GeorgiosSouleidis"]
[Black "Levanzovsky"]
[Result "1-0"]
[WhiteElo "2708"]
[BlackElo "2497"]
[TimeControl "180+1"]
[EndTime "8:42:52 PDT"]
[Termination "GeorgiosSouleidis won on time"]

1. e4 c5 2. Be2 Nc6 3. d3 d6 4. f4 g6 5. Nf3 Bg7 6. O-O Bg4 7. c3 e6 8. Be3 Bxf3 9. Bxf3 Nge7 10. Na3 O-O 11. Qd2 Rb8 12. d4 cxd4 13. cxd4 d5 14.
e5 Nf5 15. Bf2 h5 16. Rac1 Qb6 17. Rfd1 Rfc8 18. b3 Bf8 19. Nc2 a5 20. g4 hxg4 21. Bxg4 Nce7 22. Ne3 Bh6 23. Nxf5 Nxf5 24. Bxf5 gxf5 25.
Bh4 Kh7 26. Kh1 Rxc1 27. Rxc1 Rg8 28. Bg5 Bxg5 29. fxg5 Kg6 30. Kg2 Rh8 31. Kg3 a4 32. b4 a3 33. h4 Qb5 34. Kh3 Qd7 35. Kg3 Rc8 36. h5+ Kxh5 37. Qh2+ Kxg5 38. Qh4+ Kg6 39.
Rg1 Rc2 40. Kf4+ 1-0

[Event "Early-Titled-Tuesday-Blitz-May-07-2024"]
[Site "Chess.com"]
[Date "2024.05.07"]
[Round "4"]
[White "GMBenjaminBok"]
[Black "Rakhmanov_Aleksandr"]
[Result "1-0"]
[WhiteElo "3053"]
[BlackElo "2856"]
[TimeControl "180+1"]
[EndTime "8:42:53 PDT"]
[Termination "GMBenjaminBok won on time"]

1. d4 Nf6 2. c4 d6 3. Nf3 g6 4. g3 Bg7 5. Bg2 c6 6. Nc3 Bf5 7. Nh4 Be6 8. b3 d5 9. cxd5 cxd5 10. O-O Nc6 11. e3 O-O 12. Qd2 Qd7 13. Ba3 Bh3 14. Rfc1 Bxg2 15. Kxg2 Rfc8 16. Nf3 Ne4 17. Qd3 f5 18. h4 Nd8 19. Ne2 Ne6 20. Ne5 Bxe5 21. dxe5 N4c5 22. Qd1 Rc6 23. Rc2 Rac8 24. Rd2 Rd8 25.
Rc1 Ne4 26. Rxc6 bxc6 27. Rc2 d4 28. exd4 Nxd4 29. Nxd4 Qxd4 30. Qxd4 Rxd4 31. Bxe7 Kf7 32. Ba3 c5 33. Bxc5 Rd5 34. Bxa7 Rxe5 35. a4 Rd5 36.
Be3 Rd3 37. b4 Rb3 38. b5 Ke6 39. b6 h6 40. a5 g5 41. hxg5 hxg5 42. a6 f4 43.
gxf4 gxf4 44. a7 fxe3 45. a8=Q Nxf2 46. Qg8+ 1-0

[Event "Early-Titled-Tuesday-Blitz-May-07-2024"]
[Site "Chess.com"]
[Date "2024.05.07"]
[Round "4"]
[White "LimeInTheCoconut"]
[Black "H3nriqueTV"]
[Result "0-1"]
[WhiteElo "2584"]
[BlackElo "2435"]
[TimeControl "180+1"]
[EndTime "8:42:53 PDT"]
[Termination "H3nriqueTV won by checkmate"]

1. Nf3 d5 2. e3 c6 3. b3 Nf6 4. Bb2 Bf5 5. Be2 e6 6. Nh4 Bg6 7. O-O Nbd7 8. g3 Be7 9. d3 a5 10. a3 O-O 11. Nxg6 hxg6 12. c4 e5 13. cxd5 cxd5 14. Nc3 Rc8 15. Nb5 Qb6 16. d4 e4 17. Rc1 Rc6 18. Qd2 Rfc8 19. Kg2 g5 20.
h3 Nf8 21. Bc3 Ra8 22. a4 Ne6 23. Rc2 g4 24. hxg4 Ng5 25. Rh1 Nf3 26. Qd1 Nxg4 27. Bxf3 exf3+ 28. Qxf3 Rg6 29. Rh5 Nf6 30. Rh3 Ne4 31.
Rc1 Ng5 32. Qxd5 Nxh3 33. Kxh3 Rd8 34. Qc4 Qf6 35. Kg2 Qf5 36. Qe2 Rh6 37. Rh1 Rxh1 38. Kxh1 Qh3+ 39. Kg1 g6 40. Bxa5 Rd5 41. Qf1 Qh6 42. Kg2 Rh5 43. Qc4 Rh1 44. Kf3 Qh5+ 45. Ke4 Qf5# 0-1

[Event "Early-Titled-Tuesday-Blitz-May-07-2024"]
[Site "Chess.com"]
[Date "2024.05.07"]
[Round "4"]
[White "ChristopherYoo"]
[Black "FLYD"]
[Result "1-0"]
[WhiteElo "3006"]
[BlackElo "2019"]
[TimeControl "180+1"]
[EndTime "8:42:53 PDT"]
[Termination "ChristopherYoo won by resignation"]

1. b3 e5 2. Bb2 Nc6 3. e3 d5 4. Bb5 Bd6 5. f4 Qh4+ 6. g3 Qe7 7. Nf3 Bg4 8. fxe5 Bxe5 9. Bxe5 Bxf3 10. Qxf3 Qxe5 11. Nc3 Nf6 12. O-O O-O 13. Bxc6 bxc6 14. Qf4 Rfe8 15. Qxe5 Rxe5 16. Rf4 Rae8 17. Raf1 h6 18.
Ra4 Ra8 19. Rff4 Nd7 20. Ra6 Nb8 21. Ra5 f6 22. Rb4 Re7 23. Rb7 a6 24. b4 Kf7 25.
a4 Ke8 26. b5 cxb5 27. axb5 c6 28. Rxe7+ Kxe7 29. bxc6 Nxc6 30. Rxd5 a5 31. Rc5 Kd6 32. Rc4 Ne5 33. Ra4 Nf3+ 34. Kf2 Ne5 35. Ke2 Nc6 36. d4 Rb8 37. Kd2 h5 38. h4 f5 39. e4 fxe4 40. Nxe4+ Kd5 41. Nc3+ Kd6 42.
Kd3 Rf8 43. d5 Ne5+ 44. Ke4 Re8 45. Nb5+ Kc5 46. Nc7 Re7 47. Ne6+ Kd6 48. Rxa5 Nc4 49. Ra6+ Kd7 50. Ra7+ Kd6 51. Rxe7 Kxe7 52. Nxg7 Na3 53. c3 Nb5 54. c4 Nd6+ 55. Kd4 Kf6 56. Nxh5+ Kg6 57.
g4 Nb7 58. c5 1-0

[Event "Early-Titled-Tuesday-Blitz-May-07-2024"]
[Site "Chess.com"]
[Date "2024.05.07"]
[Round "4"]
[White "Strong_Prodigy"]
[Black "giovannibrandao7"]
[Result "1/2-1/2"]
[WhiteElo "2498"]
[BlackElo "2316"]
[TimeControl "180+1"]
[EndTime "8:42:53 PDT"]
[Termination "Game drawn by repetition"]

1. d4 Nf6 2. c4 g6 3. Nf3 Bg7 4. g3 O-O 5. Bg2 d6 6. Nc3 Nbd7 7. O-O e5 8. e4 a5 9. h3 b6 10. Be3 Ba6 11. b3 Bb7 12. Qc2 Re8 13. d5 Nc5 14.
Ne1 Nfd7 15. Nd3 Rf8 16. Nxc5 Nxc5 17. f4 exf4 18. gxf4 f5 19. Rae1 fxe4 20. Nxe4 Nxe4 21. Qxe4 Re8 22. Qf3 Qf6 23. f5 g5 24. Qg4 h6 25.
Kh1 Bc8 26. Be4 Rf8 27. Bc2 Bd7 28. Rd1 Rae8 29. Bd4 Qf7 30. Bxg7 Qxg7 31. Rde1 Rxe1 32. Rxe1 Qf6 33. Qe4 Bxf5 34. Qxf5 Qxf5 35. Bxf5 Rxf5 36. Re7 Rf7 37. Re6 Kg7 38. Kg2 Rf6 39. Re7+ Rf7 40. Re6 Rf6 41. Re7+ Rf7 42. Re6 1/2-1/2

[Event "Early-Titled-Tuesday-Blitz-May-07-2024"]
[Site "Chess.com"]
[Date "2024.05.07"]
[Round "4"]
[White "ClauSanLuis"]
[Black "kemelgallo"]
[Result "0-1"]
[WhiteElo "2395"]
[BlackElo "2654"]
[TimeControl "180+1"]
[EndTime "8:42:54 PDT"]
[Termination "kemelgallo won by resignation"]

1. d4 d5 2. Bg5 Nf6 3. e3 c5 4. c3 Qb6 5. Qb3 c4 6. Qxb6 axb6 7. Na3 Bd7 8. Nc2 Bf5 9. Nb4 Nc6 10. Nxc6 bxc6 11.
Ne2 e6 12. Ng3 Bg6 13. Be2 Nd7 14. f4 f6 15. Bh4 Bd6 16. O-O b5 17. a3 Nb6 18.
Bg4 Ke7 19. f5 Bxg3 20. Bxg3 Bxf5 21. Bxf5 exf5 22. Rxf5 g6 23. Rf4 f5 24. Bh4+ Ke6 25. g4 Rhf8 26. Raf1 Nc8 27. e4 dxe4 28. Rxe4+ fxe4 29. Rxf8 Nb6 30. Rf6+ Kd7 31. Rf7+ Ke6 32. Rf6+ Kd7 33. Rf7+ Kd6 34. Rxh7 Na4 35. Be7+ Ke6 36. Bb4 Re8 37. Rc7 e3 38. Kf1 Kd5 39. Rd7+ Ke4 40.
Ke2 Nxb2 41. Rd6 Nd3 42. Rxg6 Nf4+ 43. Ke1 Nxg6 0-1

[Event "Early-Titled-Tuesday-Blitz-May-07-2024"]
[Site "Chess.com"]
[Date "2024.05.07"]
[Round "4"]
[White "BM223344"]
[Black "ChEsper99"]
[Result "1-0"]
[WhiteElo "2632"]
[BlackElo "2288"]
[TimeControl "180+1"]
[EndTime "8:42:55 PDT"]
[Termination "BM223344 won by resignation"]

1. d4 Nf6 2. c4 c6 3. Nf3 d5 4. cxd5 cxd5 5. g3 Bf5 6. Bg2 Nc6 7. Nc3 h6 8. O-O e6 9. a3 Bd6 10. b4 a6 11. Bf4 Bxf4 12. gxf4 Ne4 13. Nxe4 dxe4 14.
Ne5 Nxd4 15. Rc1 O-O 16. e3 Nc6 17. Nxc6 bxc6 18. Rxc6 Qe7 19. Rc4 Rfc8 20. Bxe4 Rxc4 21. Bxa8 e5 22. Qd5 Rc8 23. Bb7 Rc3 24. Qxe5 Qxb7 25. Qxc3 Bh3 26. f3 Bxf1 27. Kxf1 Qb5+ 28. Kf2 Qh5 29.
Kg2 Qg6+ 30. Kf2 Qh5 31. e4 Qxh2+ 32. Ke3 Qg1+ 33. Kd3 Qf1+ 34. Kd4 h5 35. Qc8+ Kh7 36. Qf5+ Kh6 37. Qg5+ Kh7 38. Qxh5+ Kg8 39. Qg4 Qa1+ 40. Kc5 Qxa3 41. Kc4 Qa4 42. Qc8+ Kh7 43. Qf5+ Kg8 44. Qc5 Qc2+ 45. Kd4 Qd2+ 46. Ke5 Qb2+ 47. Qd4 Qb3 48. f5 f6+ 49. Kf4 Qb1 50. Qd2 Qb3 51. Qd5+ Qxd5 52.
exd5 Kf8 53. Ke4 Ke7 54. Kd4 Kd6 55. f4 Kc7 56. Kc5 Kd7 57. Kb6 Kd6 58. Kxa6 Kxd5 59. b5 Ke4 60. b6 Kxf5 61. b7 Kxf4 62. b8=Q+ Kg5 63. Qg3+ Kf5 64. Qxg7 Ke5 65. Kb5 1-0

[Event "Early-Titled-Tuesday-Blitz-May-07-2024"]
[Site "Chess.com"]
[Date "2024.05.07"]
[Round "4"]
[White "Groetzi"]
[Black "Mrlammy"]
[Result "0-1"]
[WhiteElo "2413"]
[BlackElo "2589"]
[TimeControl "180+1"]
[EndTime "8:42:55 PDT"]
[Termination "Mrlammy won by checkmate"]

1. e4 c5 2. Nf3 d6 3. d4 cxd4 4. Nxd4 Nf6 5. f3 Nc6 6. c4 e6 7.
Nc3 Be7 8. Be2 O-O 9. Be3 d5 10. cxd5 exd5 11. Nxc6 bxc6 12. e5 Nd7 13. f4 Rb8 14.
Qd2 Qa5 15. O-O Bc5 16. Rab1 Ba6 17. Kh1 Bxe3 18. Qxe3 Bxe2 19. Qxe2 Nb6 20. f5 Nc4 21. f6 g6 22. e6 Rfe8 23. e7 Qc5 24. Rf3 Qd4 25. Qe1 Qd2 26. Qh4 Rxb2 27. Rg1 h6 28.
Rh3 Qg5 29. Qd4 Qe5 30. Qh4 Qg5 31. Qd4 Ne5 32. Qxa7 Qxf6 33. Qd4 Qxe7 34. Rxh6 c5 35. Qh4 Qxh4 36. Rxh4 d4 37. Nd5 Kg7 38. Nc7 Re7 39. Nd5 Re6 40. Nf4 Rf6 41. g3 g5 42. Nh5+ Kg6 43. Nxf6 gxh4 44. Ne4 h3 45. Nxc5 Nf3 46. Ne4 Rxh2# 0-1

[Event "Early-Titled-Tuesday-Blitz-May-07-2024"]
[Site "Chess.com"]
[Date "2024.05.07"]
[Round "4"]
[White "Veleamater"]
[Black "ChessSwole"]
[Result "1-0"]
[WhiteElo "2439"]
[BlackElo "2632"]
[TimeControl "180+1"]
[EndTime "8:42:55 PDT"]
[Termination "Veleamater won by checkmate"]

1. g3 d5 2. Bg2 Nf6 3. d3 Bg4 4. Nf3 Nbd7 5. O-O e5 6. h3 Bh5 7. Nc3 c6 8. e4 d4 9. Ne2 Bd6 10.
Ne1 Qc7 11. g4 Bg6 12. f4 exf4 13. Nxf4 O-O-O 14. a4 Ne5 15. a5 a6 16. Bd2 h5 17.
g5 Nh7 18. Nxg6 Nxg6 19. Qxh5 Nf6 20. Qf3 Nh4 21. Qe2 Nh5 22. Qg4+ Kb8 23. Nf3 Ng6 24. b4 Nhf4 25. e5 Nxe5 26. Nxe5 Nxg2 27. Rxf7 Qc8 28. Nd7+ Rxd7 29. Qxd7 Nh4 30. Qxd6+ Ka8 31. Qg3 Qe6 32.
Raf1 Ng6 33. Qg4 Qd6 34. Bf4 Qd5 35. Bg3 Re8 36. h4 Qd8 37. h5 Ne7 38. Re1 Nd5 39.
Rxe8 Qxe8 40. Qd7 Qe3+ 41. Kh2 Qe2+ 42. Rf2 Qxh5+ 43. Kg2 Ne3+ 44. Kg1 Qd1+ 45. Kh2 Qh5+ 46. Qh3 Qxg5 47. Rf8+ Ka7 48. Bb8+ Ka8 49. Bc7+ Ka7 50. Bb6# 1-0

[Event "Early-Titled-Tuesday-Blitz-May-07-2024"]
[Site "Chess.com"]
[Date "2024.05.07"]
[Round "4"]
[White "Evan_Attaker"]
[Black "Slovineanu"]
[Result "1-0"]
[WhiteElo "2633"]
[BlackElo "2455"]
[TimeControl "180+1"]
[EndTime "8:42:56 PDT"]
[Termination "Evan_Attaker won by resignation"]

1. Nf3 Nf6 2. c4 e6 3. g3 d5 4. Bg2 Be7 5. O-O O-O 6. d4 dxc4 7. Na3 Bxa3 8. bxa3 b5 9. a4 a6 10. Ba3 Re8 11. Ne5 Nd5 12. e4 Nb6 13. Qh5 g6 14.
Qf3 f6 15. Ng4 Kg7 16. a5 N6d7 17. e5 Ra7 18. exf6+ Nxf6 19. Nxf6 Qxf6 20. Bc5 Qxf3 21. Bxf3 Bb7 22. Bxa7 Bxf3 23. Bxb8 Rxb8 24. Rfe1 Bd5 25. a3 Kf6 26. f4 Ke7 27. Kf2 Kd6 28. Rab1 c5 29.
dxc5+ Kxc5 30. Rb4 g5 31. Reb1 Rf8 32. a4 Bc6 33. axb5 Bxb5 34. Ke3 gxf4+ 35. gxf4 Rg8 36. R4b2 Rg4 37. Ke4 Bc6+ 38. Ke5 Bd5 39. Rb6 c3 40. Rxa6 Rg2 41. Ra7 Re2+ 42. Kf6 c2 43. Rc1 Bb3 44. a6 Rd2 45. Rb7 Rd1 46. a7 Rxc1 47. a8=Q Ra1 48.
Qxa1 1-0

[Event "Early-Titled-Tuesday-Blitz-May-07-2024"]
[Site "Chess.com"]
[Date "2024.05.07"]
[Round "4"]
[White "MikeWizard"]
[Black "Perecke"]
[Result "0-1"]
[WhiteElo "2046"]
[BlackElo "2541"]
[TimeControl "180+1"]
[EndTime "8:42:56 PDT"]
[Termination "Perecke won on time"]

1. d4 Nf6 2. c4 e6 3. Nf3 d5 4.
Nc3 dxc4 5. e3 a6 6. Bxc4 b5 7.
Bb3 Bb7 8. O-O Nbd7 9. Re1 c5 10.
Bc2 Qc7 11. e4 cxd4 12. Nxd4 Bd6 13. g3 O-O 14. Ndxb5 axb5 15. Nxb5 Qc6 16. Nxd6 Ba6 17. Ba4 Qb6 18. Be3 Qxb2 19. Bb3 Rfd8 20. Qd4 Qa3 21. e5 Nxe5 22. Qxe5 Qxd6 23. Qg5 Bb7 24. Rac1 h6 25. Qh4 Nd5 26. Bc5 Qa6 27. Bd4 Qa3 28. Qg4 Qf8 29.
h4 Ne7 30. Bc5 Qe8 31. Qf4 Nf5 32. h5 Qc6 33. f3 Qxf3 34. Qxf3 Bxf3 35. Re5 Bxh5 36.
Ra1 Bg6 37. a4 Nxg3 38. a5 Ne4 39. Bb6 Nd6 40. Bxd8 Rxd8 41. a6 Ra8 42. a7 Nc8 43.
Rea5 Be4 0-1

[Event "Early-Titled-Tuesday-Blitz-May-07-2024"]
[Site "Chess.com"]
[Date "2024.05.07"]
[Round "4"]
[White "milovichalex"]
[Black "Felix-Rose"]
[Result "0-1"]
[WhiteElo "2347"]
[BlackElo "2212"]
[TimeControl "180+1"]
[EndTime "8:42:56 PDT"]
[Termination "Felix-Rose won by checkmate"]

1. e4 e5 2. Nf3 Nc6 3. Bb5 a6 4.
Ba4 Nf6 5. O-O b5 6. Bb3 Bc5 7. Bd5 Qe7 8. c3 Bb6 9. d3 h6 10. Be3 Bxe3 11. fxe3 Nxd5 12. exd5 Nd8 13. e4 d6 14. Qe1 O-O 15. Nh4 g6 16. Nd2 Nb7 17. Nb3 Kh7 18. a4 bxa4 19. Rxa4 Bd7 20. Ra3 a5 21. Nf3 a4 22. Nbd2 Nc5 23. Qe3 f5 24. Qe2 Bb5 25. c4 Bd7 26. Rfa1 Rab8 27. Nf1 fxe4 28. dxe4 Rf4 29. Ng3 h5 30. h4 Bg4 31.
Re1 Bxf3 32. Rxf3 Qxh4 33. Rxf4 Qxf4 34. Nf1 Rb3 35. Nh2 Nd3 36. Rf1 Nc1 37. Qc2 Qe3+ 38.
Kh1 Nd3 39. Nf3 Rxb2 40. Ng5+ Qxg5 41. Qxd3 Qxg2# 0-1

[Event "Early-Titled-Tuesday-Blitz-May-07-2024"]
[Site "Chess.com"]
[Date "2024.05.07"]
[Round "4"]
[White "Root_21"]
[Black "RobertoJBM"]
[Result "0-1"]
[WhiteElo "2596"]
[BlackElo "2887"]
[TimeControl "180+1"]
[EndTime "8:42:58 PDT"]
[Termination "RobertoJBM won by checkmate"]

1. e4 c6 2. d4 d5 3. Nc3 dxe4 4. Nxe4 Nd7 5. Ng5 Ngf6 6. Bd3 e6 7. N1f3 Bd6 8. Qe2 h6 9. Ne4 Nxe4 10. Qxe4 Qc7 11.
Bd2 b6 12. O-O-O Bb7 13. Qe2 O-O-O 14. Kb1 Kb8 15. c4 c5 16. Rhe1 Bxf3 17. Qxf3 cxd4 18. Qxf7 Ne5 19. Qxc7+ Bxc7 20. Bf4 Nxd3 21. Bxc7+ Kxc7 22. Rxd3 Rhe8 23. f4 Kc6 24. b4 a5 25. a3 axb4 26. axb4 b5 27. c5 Kd5 28. Rc1 e5 29. fxe5 Kxe5 30.
c6 Ke4 31. Rdd1 Rc8 32. c7 Rf8 33. Re1+ Kd3 34. Re7 Rf2 35. Rxg7 Ke4 36. Re7+ Kd3 37. Rd7 Rff8 38. h4 h5 39. Rd5 Rf7 40. Rd1+ Kc3 41.
R1xd4 Rcxc7 42. Rd1 Kxb4 43. Rxh5 Rf2 44. Rd4+ Ka3 45.
Rd3+ Ka4 46. Rg5 Re7 47. Rd1 Ree2 48. Rg8 Rb2+ 49. Kc1 Rfc2# 0-1

[Event "Early-Titled-Tuesday-Blitz-May-07-2024"]
[Site "Chess.com"]
[Date "2024.05.07"]
[Round "4"]
[White "BogdanDeac"]
[Black "bancsoo"]
[Result "1-0"]
[WhiteElo "3099"]
[BlackElo "2880"]
[TimeControl "180+1"]
[EndTime "8:42:59 PDT"]
[Termination "BogdanDeac won by checkmate"]

1. e4 d6 2. d4 e5 3. Nf3 exd4 4. Nxd4 Nf6 5. Nc3 Be7 6. g3 O-O 7. Bg2 Re8 8. O-O Bf8 9. h3 c6 10. Re1 a5 11. g4 h6 12. Nde2 Nbd7 13. Ng3 Nc5 14.
Be3 a4 15. a3 Nfd7 16. f4 Qc7 17. Qe2 g6 18. Rad1 b5 19. Qf2 Rb8 20. e5 b4 21.
exd6 Bxd6 22. Nce4 Nxe4 23. Nxe4 Be7 24. f5 g5 25.
axb4 Rxb4 26. c3 Rb5 27. h4 f6 28. Bd4 Ne5 29. hxg5 hxg5 30. Qe2 Bd8 31. c4 Rb3 32. Nxg5 fxg5 33. Bxe5 Qa7+ 34. Kf1 Ba5 35. Qc2 Bxe1 36. Rxe1 Qb6 37. Qd2 Qd8 38. Qc1 Qd3+ 39. Kg1 Rxe5 40. Qxg5+ Kf7 41. Qg6+ Kf8 42. Qf6+ Kg8 43.
Qxe5 Qd2 44. Qe8+ Kg7 45. Re7+ Kh6 46. Qg6# 1-0

[Event "Early-Titled-Tuesday-Blitz-May-07-2024"]
[Site "Chess.com"]
[Date "2024.05.07"]
[Round "4"]
[White "wqws"]
[Black "MFatigue"]
[Result "1/2-1/2"]
[WhiteElo "2685"]
[BlackElo "2491"]
[TimeControl "180+1"]
[EndTime "8:42:59 PDT"]
[Termination "Game drawn by repetition"]

1. e4 e6 2. d4 d5 3. Nc3 Nf6 4. Bg5 Be7 5. e5 Nfd7 6. Bxe7 Qxe7 7. f4 a6 8. Nf3 c5 9. dxc5 Nc6 10. Bd3 Qxc5 11.
Qd2 b5 12. Qf2 b4 13. Ne2 a5 14. O-O Ba6 15. Ned4 O-O 16. Rad1 Rfe8 17. Kh1 f6 18. Nxc6 Qxc6 19. exf6 Nxf6 20. Ne5 Qd6 21. Rfe1 Nd7 22. Qh4 Bxd3 23. Rxd3 Nxe5 24. Rxe5 Rac8 25. Rh3 h6 26. Rg3 Rxc2 27. h3 Rc1+ 28. Kh2 Qb6 29. Ree3 e5 30. f5 Rc4 31. Qh5 Rf8 32. Rxe5 Rc1 33. Ree3 Qf6 34.
Rgf3 Qd6+ 35. Rg3 Qf6 36. Qg4 Rc4 37. Qe2 Qxf5 38. Re7 Rf7 39. Rf3 Rf4 40. Re5 Qf6 41.
Re8+ Rf8 42. Re6 Qf5 43. Re5 Qf6 44. Re6 Qf5 45. Re5 Qf6 46. Re6 1/2-1/2

[Event "Early-Titled-Tuesday-Blitz-May-07-2024"]
[Site "Chess.com"]
[Date "2024.05.07"]
[Round "4"]
[White "DACF2905"]
[Black "Aslanov_Umid"]
[Result "0-1"]
[WhiteElo "2442"]
[BlackElo "2659"]
[TimeControl "180+1"]
[EndTime "8:42:59 PDT"]
[Termination "Aslanov_Umid won by resignation"]

1. e4 c5 2. Nf3 d6 3. c3 Nf6 4. Be2 Bg4 5. h3 Bxf3 6. Bxf3 g6 7. O-O Nc6 8. d4 cxd4 9. cxd4 Bg7 10. e5 dxe5 11.
dxe5 Qxd1 12. Rxd1 Nd7 13. Bxc6 bxc6 14. f4 f6 15. exf6 Bxf6 16. Nc3 Nc5 17. Be3 Ne6 18. Rac1 Kf7 19. Ne4 Bxb2 20. Rxc6 Rhd8 21. Rxd8 Rxd8 22. Bxa7 Rd1+ 23. Kh2 Nxf4 24. Ng5+ Ke8 25. Be3 Nd5 26. Bf2 Rd2 27. Ne4 Re2 28. Rc4 Nf4 29.
Kg3 Be5 30. Kf3 Rxa2 31. Ng5 h6 32. Ne4 Ra3+ 33. Be3 Nd5 34. Rc5 Rxe3+ 35. Kf2 Rxe4 36. Rxd5 Bd6 37. Kf3 Re6 38. g3 Kf7 39. h4 Kf6 40. Rb5 Re5 41. Rb7 Rc5 42. g4 Rc3+ 43. Ke4 Rc4+ 0-1

[Event "Early-Titled-Tuesday-Blitz-May-07-2024"]
[Site "Chess.com"]
[Date "2024.05.07"]
[Round "4"]
[White "Darko-Dimitrijevic"]
[Black "IMGC"]
[Result "0-1"]
[WhiteElo "2259"]
[BlackElo "2493"]
[TimeControl "180+1"]
[EndTime "8:43:00 PDT"]
[Termination "IMGC won on time"]

1. c4 g6 2. g3 Bg7 3. Bg2 c5 4.
Nc3 Nc6 5. a3 Nf6 6. d3 O-O 7. Rb1 d6 8. b4 Nd7 9. Bd2 Nd4 10. e3 Ne6 11. Nge2 Rb8 12. O-O b6 13. Qc2 Bb7 14. Nd5 Nc7 15. e4 e6 16. Ne3 Ne5 17.
f4 Nc6 18. b5 Nd4 19. Nxd4 cxd4 20. Nd1 f5 21. Nf2 Qd7 22. a4 fxe4 23. dxe4 Rbc8 24.
Nd3 e5 25. fxe5 Rxf1+ 26. Rxf1 dxe5 27. c5 bxc5 28. Nxc5 Ne6 29. Nxd7 Rxc2 30. Bb4 Rc7 31. Nf6+ Kh8 32. Nd5 Rd7 33. Bh3 Bxd5 34. exd5 Rxd5 35.
Bxe6 Rd8 36. Rf7 d3 37. Bd2 e4 38. Kf2 Bd4+ 39. Ke1 e3 40. Bb4 Bb6 41. Rf8+ Rxf8 42. Bxf8 Ba5+ 0-1

[Event "Early-Titled-Tuesday-Blitz-May-07-2024"]
[Site "Chess.com"]
[Date "2024.05.07"]
[Round "4"]
[White "Anu-triz"]
[Black "Manukyan_Artak"]
[Result "0-1"]
[WhiteElo "2296"]
[BlackElo "2534"]
[TimeControl "180+1"]
[EndTime "8:43:00 PDT"]
[Termination "Manukyan_Artak won by resignation"]

1. g3 g6 2. Bg2 h5 3. Nf3 Nc6 4. h4 e5 5. d3 d5 6. b3 Bb4+ 7.
Nbd2 Bc3 8. Rb1 f5 9. Bb2 Bxb2 10. Rxb2 Nf6 11. Ng5 O-O 12. O-O Nh7 13. Nxh7 Kxh7 14.
e4 fxe4 15. dxe4 d4 16. Nf3 Bg4 17. Ng5+ Qxg5 18. hxg5 Bxd1 19. Rxd1 Rad8 20. Rbb1 Nb4 21. Rb2 c5 22. a3 Nc6 23. Rbb1 b5 24. Rd3 c4 25. bxc4 bxc4 26. Rb7+ Kg8 27. Rd1 Rf7 28. Rxf7 Kxf7 29. Bf1 Na5 30. Rb1 d3 31. cxd3 cxd3 32. Rd1 d2 33. f4 Ke7 34. Kf2 Nb3 35. Ke3 Rc8 36. f5 Rc3+ 37. Kf2 Rc1 38. Be2 Nc5 39. Ke3 Rc3+ 40. Kxd2 Nxe4+ 41. Ke1 gxf5 42. Bxh5 Rxg3 43. Rd5 Rxg5 44. Bf3 Rg1+ 45. Ke2 Nc3+ 46. Kf2 Nxd5 47. Kxg1 e4 48. Be2 Kd6 49. Kf2 f4 50. Bg4 Ke5 51. Ke2 Nc3+ 52. Kf2 Kd4 53. Bf5 Nd5 54. Ke2 Ke5 55. Bg4 Nf6 56. Bc8 f3+ 57. Kf2 Kf4 58.
Ba6 e3+ 59. Ke1 Ne4 60. Bc4 Ng3 61. Bb5 f2+ 62. Kd1 f1=Q+ 0-1

[Event "Early-Titled-Tuesday-Blitz-May-07-2024"]
[Site "Chess.com"]
[Date "2024.05.07"]
[Round "4"]
[White "WindWhistler11"]
[Black "Zapateado"]
[Result "1-0"]
[WhiteElo "2559"]
[BlackElo "2384"]
[TimeControl "180+1"]
[EndTime "8:43:01 PDT"]
[Termination "WindWhistler11 won on time"]

1. Nf3 c5 2. g3 g6 3. Bg2 Bg7 4. O-O Nc6 5. d3 e5 6. Nbd2 Nge7 7. e4 O-O 8. a3 d6 9. Rb1 h6 10. b4 a6 11. c3 Be6 12. Nb3 b6 13. Be3 Qd7 14.
bxc5 dxc5 15. Qc2 f5 16. Rbd1 f4 17. Bc1 g5 18. Rfe1 Bg4 19. Qe2 Qe6 20. Nbd2 Rad8 21.
Qf1 Bxf3 22. Nxf3 g4 23. Nh4 f3 24. Bh1 h5 25. Bg5 Bf6 26. Bxf6 Rxf6 27. Re3 Ng6 28. Nf5 Nce7 29. Nxe7+ Qxe7 30. d4 exd4 31. cxd4 cxd4 32. Qc4+ Kg7 33. Rxd4 Rxd4 34. Qxd4 Qe5 35. Qd7+ Rf7 36. Qd1 Rc7 37. Bxf3 gxf3 38. Qxf3 Rf7 39. Qe2 Qa1+ 40. Kg2 Qe5 41. f4 Qa5 42. f5 Ne5 43. Qxh5 Qd2+ 44. Re2 Qd3 45. Qg5+ Kf8 46. Qh6+ Kg8 47. Rd2 Qxe4+ 48. Kf2 Qxf5+ 49.
Ke3 Qf3+ 50. Kd4 Rd7+ 51. Kxe5 Re7+ 52. Kd6 Qf7 53. Qg5+ Kf8 54. Rf2 1-0